Map: 프로스트 - 래더

Players

chankim

  • Race: Zerg Zerg

ByuN - Winner!

  • Race: Terran Terran
  • League: Master

VOD

Have the link to the VOD?

Description

Time

  • Played on: Sept. 13, 2016, 8:09 a.m.
  • Length: 15:18
Show
View Real Time Build Order
Export as new Build Order

chankim Zerg 

Build Orders: Hatch First 

Get SALT Encoding   

  12  0:00  Drone  
  13  0:13  Overlord  
  13  0:17  Drone  
  14  0:31  Drone x2  
  14  0:35  Drone  
  17  0:51  Hatchery  
  17  0:55  Drone  
  17  0:58  Drone  
  18  1:08  Extractor  
  17  1:13  Spawning Pool  
  17  1:15  Drone  
  17  1:20  Drone  
  18  1:28  Drone  
  19  1:40  Overlord  
  19  1:50  Drone  
  20  2:01  Zergling x2, Queen  
  22  2:03  Zergling x2, Queen  
  26  2:08  Metabolic Boost  
  26  2:11  Drone  
  26  2:15  Drone  
  28  2:28  Drone, Zergling x2  
  30  2:32  Overlord  
  30  2:38  Queen  
  30  2:42  Drone  
  30  2:45  Drone  
  30  2:46  Pneumatized Carapace  
  30  2:51  Drone  
  32  2:54  Drone  
  32  2:57  Drone  
  34  3:06  Overlord  
  34  3:08  Drone  
  34  3:09  Drone  
  34  3:10  Drone  
  37  3:14  Drone x2  
  38  3:20  Drone x2  
  38  3:24  Overlord  
  38  3:25  Drone  
  41  3:29  Drone  
  41  3:32  Drone  
  43  3:46  Hatchery  
  42  3:50  Drone  
  42  3:51  Drone x2  
  42  3:53  Overlord  
  42  3:55  Drone  
  46  3:56  Drone  
  46  3:59  Drone  
  46  4:00  Drone x2  
  50  4:11  Queen x2  
  50  4:12  Drone  
  50  4:14  Drone  
  56  4:22  Zergling x10  
  61  4:24  Zergling x4  
  61  4:28  Overlord  
  63  4:34  Evolution Chamber  
  63  4:35  Zergling x2  
  63  4:36  Evolution Chamber  
  62  4:38  Zergling x2  
  63  4:45  Overlord  
  63  4:47  Zergling x2  
  63  4:49  Queen  
  63  4:50  Queen  
  68  4:54  Zergling x4  
  68  4:57  Zergling x2  
  68  4:58  Zergling x2  
  72  5:03  Drone x2  
  72  5:04  Overlord  
  72  5:05  Drone  
  75  5:08  Drone  
  75  5:12  Drone x2  
  77  5:15  Zerg Melee Weapons Level 1, Zerg Ground Armor Level 1  
  77  5:18  Drone  
  77  5:20  Drone  
  79  5:24  Drone x2  
  79  5:25  Drone  
  72  5:39  Zergling x2  
  72  5:40  Zergling x10  
  72  5:42  Zergling x2  
  72  5:46  Lair  
  72  5:47  Drone  
  72  5:48  Zergling x2  
  72  5:49  Queen  
  74  5:52  Overlord  
  74  5:56  Drone  
  77  5:58  Baneling Nest, Extractor  
  77  5:59  Drone, Extractor  
  77  6:02  Drone  
  76  6:08  Drone x2  
  78  6:13  Drone  
  78  6:16  Drone  
  78  6:17  Drone x5  
  85  6:21  Overlord  
  83  6:26  Drone  
  83  6:27  Drone  
  83  6:28  Hatchery  
  83  6:30  Drone x2  
  86  6:33  Drone  
  86  6:34  Drone, Hatchery  
  86  6:37  Overlord  
  88  6:40  Zergling x2  
  88  6:44  Zergling x2  
  88  6:45  Zergling x4  
  88  6:46  Queen x2  
  93  6:48  Zergling x2  
  93  6:49  Zergling x2  
  93  6:52  Zergling x8  
  96  7:03  Zergling x4  
  91  7:08  Zergling x2  
  91  7:09  Zergling x4  
  91  7:14  Zergling x4, Overseer  
  96  7:18  Queen  
  96  7:21  Zergling x10, Baneling Nest  
  94  7:23  Zergling x8  
  88  7:31  Zergling x4  
  88  7:35  Queen  
  88  7:36  Queen  
  91  7:38  Zergling x4  
  91  7:40  Extractor  
  91  7:43  Infestation Pit, Zerg Ground Armor Level 2  
  89  7:47  Zerg Melee Weapons Level 2  
  86  7:56  Zergling x12  
  86  7:57  Zergling x4  
  86  7:58  Queen  
  90  8:03  Extractor  
  90  8:04  Centrifical Hooks  
  91  8:06  Zergling x2  
  91  8:07  Zergling x8  
  91  8:09  Baneling x6  
  91  8:10  Zergling x2  
  84  8:28  Zergling x6  
  84  8:29  Zergling x2  
  84  8:31  Queen  
  84  8:33  Zergling x10  
  93  8:39  Hive  
  93  8:49  Zergling x2  
  93  8:50  Zergling x16  
  93  8:52  Overlord  
  102  9:03  Drone x5  
  102  9:04  Drone x3  
  110  9:13  Queen  
  112  9:18  Baneling x4  
  112  9:19  Zergling x10  
  117  9:32  Zergling x12, Spore Crawler  
  119  9:42  Zergling x12  
  119  9:44  Baneling x4  
  116  9:54  Ultralisk Cavern  
  101  10:02  Zergling x2  
  101  10:03  Zergling x14  
  107  10:11  Zergling x10  
  109  10:18  Zerg Ground Armor Level 3  
  109  10:29  Baneling x7  
  109  10:30  Zergling x14  
  116  10:38  Zergling x2  
  116  10:39  Zergling x10  
  116  10:41  Chitinous Plating  
  117  10:55  Zergling x2  
  117  10:56  Zergling x14  
  93  10:59  Zergling x8  
  94  11:07  Ultralisk  
  99  11:18  Ultralisk  
  104  11:26  Baneling x6  
  104  11:33  Hatchery  
  91  11:44  Ultralisk x2  
  94  11:47  Zergling x2  
  94  11:48  Zergling x6  
  98  11:54  Ultralisk  
  104  12:06  Zergling x14  
  109  12:24  Zergling x6  
  109  12:26  Overlord x2  
  109  12:28  Overlord, Spire  
  109  12:29  Hatchery  
  110  12:51  Ultralisk x2  
  119  13:05  Overseer  
  117  13:19  Ultralisk  
  123  13:23  Extractor  
  122  13:27  Zergling x10  
  122  13:28  Zergling x4  
  128  13:44  Hatchery  
  128  13:46  Baneling x4  
  128  13:47  Baneling  
  127  13:55  Zergling x18  
  130  13:58  Overlord x3  
  112  14:30  Ultralisk x2  
  102  14:32  Zergling x4  
Show
View Real Time Build Order
Export as new Build Order

ByuN Terran - Winner!

Build Orders: Reaper Expand, MMM Bio 

Get SALT Encoding   

  12  0:01  SCV  
  13  0:13  SCV  
  14  0:17  Supply Depot  
  14  0:25  SCV  
  15  0:38  SCV  
  15  0:40  Barracks  
  16  0:44  Refinery  
  16  0:50  SCV  
  17  1:02  SCV  
  18  1:15  SCV  
  19  1:27  Reaper, Orbital Command  
  20  1:40  Command Center  
  20  1:50  Barracks  
  20  1:54  SCV  
  20  2:00  Barracks Reactor  
  21  2:03  Supply Depot  
  21  2:07  SCV  
  22  2:19  SCV  
  22  2:22  Factory  
  23  2:29  Refinery  
  23  2:31  SCV  
  23  2:35  Marine  
  23  2:36  Marine  
  26  2:43  SCV  
  27  2:47  Barracks Tech Lab  
  27  2:51  Orbital Command  
  27  2:54  Marine x2  
  27  2:56  SCV  
  30  3:08  Stimpack, Marine  
  30  3:10  SCV  
  30  3:11  Marine  
  30  3:12  Marine  
  34  3:22  SCV x2  
  35  3:27  Starport, Supply Depot  
  35  3:29  Factory Reactor  
  35  3:32  Marine  
  35  3:33  Marine  
  37  3:34  Marine  
  37  3:39  SCV x2  
  39  3:50  Supply Depot  
  39  3:51  SCV x2  
  39  3:52  Marine x3  
  43  4:03  SCV x2  
  43  4:09  Marine  
  45  4:10  Marine x2  
  45  4:11  Medivac x2  
  45  4:15  Widow Mine  
  54  4:17  SCV x2  
  54  4:20  Supply Depot  
  56  4:26  Supply Depot  
  56  4:27  Marine x2  
  56  4:28  Marine  
  60  4:31  SCV x2  
  60  4:36  Refinery  
  61  4:41  Supply Depot  
  61  4:46  Factory Tech Lab  
  61  4:47  Marine x3  
  61  4:50  SCV x2  
  66  5:02  SCV x2  
  66  5:05  Marine x3  
  71  5:07  Supply Depot  
  71  5:08  Combat Shields  
  71  5:09  Siege Tank  
  74  5:20  SCV  
  74  5:21  SCV  
  76  5:23  Marine x3  
  79  5:29  Medivac x2  
  79  5:31  Supply Depot  
  80  5:41  Marine x2  
  73  5:44  Siege Tank  
  73  5:45  Marine  
  75  5:52  Engineering Bay  
  75  5:53  Engineering Bay  
  75  5:58  Marine x2  
  77  6:06  Marine  
  77  6:10  Command Center  
  78  6:13  Medivac x2  
  78  6:16  SCV x2, Marine x2  
  86  6:20  Refinery  
  84  6:25  Marine  
  84  6:28  Terran Infantry Armor Level 1, Terran Infantry Weapons Level 1  
  85  6:42  Siege Tank  
  85  6:45  Barracks  
  88  6:47  SCV x2, Barracks  
  88  6:48  Barracks  
  88  6:51  Marine x2  
  88  6:53  Marine  
  93  7:05  Medivac x2  
  94  7:09  Marine x2  
  94  7:10  SCV x2  
  94  7:11  Marine  
  96  7:26  Marine x2  
  96  7:29  Marine  
  90  7:37  Orbital Command, Barracks Reactor  
  90  7:38  Barracks Reactor  
  89  7:44  Marine x2  
  89  7:47  Barracks Reactor, Marine  
  89  7:49  Barracks, Liberator x2  
  83  7:51  Barracks  
  83  7:53  SCV x2  
  83  7:54  Barracks  
  83  7:56  Factory Reactor  
  82  8:00  Armory  
  82  8:02  Marine x2  
  82  8:05  Marine  
  89  8:15  Orbital Command  
  89  8:20  Marine x6  
  89  8:23  SCV  
  89  8:24  SCV  
  94  8:31  Marine x2  
  94  8:32  Widow Mine x2  
  87  8:36  SCV x2  
  89  8:41  Barracks Reactor x2  
  89  8:42  Marauder  
  89  8:43  Marauder, Marine x4  
  89  8:44  Marine x2  
  97  8:55  Marine x2  
  99  9:00  SCV x3, Widow Mine  
  99  9:01  Widow Mine  
  106  9:03  Marauder, Marine x6  
  106  9:04  Marauder  
  106  9:06  Supply Depot  
  106  9:07  Supply Depot  
  116  9:13  Marine  
  117  9:19  Marine  
  117  9:20  Marine x5  
  117  9:21  Marine x2  
  125  9:28  Marauder x2  
  125  9:29  Supply Depot x2  
  126  9:42  Liberator x2  
  126  9:43  Marine x2  
  126  9:44  Marine  
  128  9:47  Widow Mine x2  
  128  9:48  Marine x8  
  128  9:49  Marine  
  128  9:50  Marauder x2  
  149  10:01  Marine x2  
  149  10:02  Marine  
  149  10:05  Marine  
  143  10:08  Refinery  
  143  10:10  Marine x7  
  143  10:12  Marauder x2  
  153  10:22  Terran Infantry Weapons Level 2  
  153  10:26  Terran Infantry Armor Level 2  
  153  10:33  Marauder x2  
  157  10:46  Supply Depot  
  157  10:47  Supply Depot  
  157  10:48  Marine x2  
  157  10:49  Marine x5  
  157  10:51  Marine, Liberator  
  157  10:52  Liberator  
  157  10:54  Marine  
  157  10:55  Marauder x2, Marine x3  
  129  11:01  Widow Mine  
  111  11:06  Marine x4  
  120  11:13  Marine x3  
  120  11:15  Marine x2  
  120  11:16  Marauder  
  127  11:22  Marine x3  
  130  11:26  Marine  
  131  11:34  Marauder  
  131  11:35  Orbital Command  
  131  11:37  Marauder, Marine  
  131  11:38  Marine x6  
  131  11:39  Marine  
  126  11:40  Marine  
  126  11:41  Marine x2  
  126  11:46  Widow Mine x2, Marine  
  117  11:55  Marine x5  
  128  12:05  Medivac x2  
  128  12:06  Marine x2  
  128  12:07  Marine  
  129  12:15  Widow Mine x2  
  123  12:17  Marauder, Marine x2  
  123  12:18  Marauder, Marine x7  
  123  12:19  Liberator x2  
  140  12:24  Starport, Marine  
  141  12:33  Missile Turret  
  147  12:43  Widow Mine x2, Marine x7  
  158  12:52  Marauder x2  
  158  12:57  Liberator  
  158  12:58  Liberator  
  161  13:01  Barracks Tech Lab  
  161  13:15  Widow Mine x2  
  161  13:17  Marauder  
  173  13:20  Supply Depot  
  173  13:22  Marauder  
  173  13:24  Refinery  
  173  13:26  Marauder  
  177  13:30  Marine x6  
  177  13:32  Marine  
  181  13:38  Concussive Shells  
  181  13:41  Supply Depot x2, Marine x3  
  181  13:42  Marauder  
  181  13:43  Marauder  
  188  14:02  Marine x5  
  195  14:03  Marauder x2  
  195  14:04  Marauder  
  195  14:09  Marine  
  200  14:13  Marine  
  188  14:24  Marauder  
  188  14:27  Marauder x2  
  188  14:31  Marine x5  
  177  14:32  Marine x2  
  177  14:33  Widow Mine x2  
  194  14:45  Marauder  
  194  14:48  Marauder  
  194  14:50  Marauder  
  188  14:53  Marine  
Tags
 
Add a new tag
Caveats
  • Supply blocks, unpowered buildings, or Contaminate may cause inaccurate times.
  • Supply counts are checked every 10 seconds.